 Dungeon Crawl Stone Soup version 0.23.2-1-ga50397a (webtiles) character file.

Game seed: 2874351528307789714

1701 Fang the Skirmisher (level 9, -2/57 HPs)
             Began as a Gargoyle Berserker on Apr 29, 2019.
             Was a Priest of Trog.
             Slain by a slime creature (9 damage)
             ... on level 5 of the Dungeon.
             The game lasted 00:04:59 (5358 turns).

Fang the Skirmisher (Gargoyle Berserker)            Turns: 5358, Time: 00:04:59

Health: -2/57      AC: 19    Str: 23    XL:     9   Next: 3%
Magic:  9/9        EV:  8    Int:  9    God:    Trog [***...]
Gold:   230        SH:  0    Dex:  9    Spells: 8/8 levels left

rFire    . . .     SeeInvis .   y - +0 war axe (chop)
rCold    . . .     Gourm    +   (no shield)
rNeg     + . .     Faith    .   b - +0 plate armour
rPois    ∞         Spirit   .   (no helmet)
rElec    +         Reflect  .   (no cloak)
rCorr    .         Harm     .   (no gloves)
MR       .....                  (no boots)
Stlth    ..........             o - amulet of the gourmand
HPRegen  0.19/turn              g - ring of stealth
MPRegen  0.11/turn              w - ring of flight

@: berserk cooldown
A: negative energy resistance 1, electricity resistance, unbreathing,
petrification resistance, rot immunity, AC +6
a: Berserk, Trog's Hand, Renounce Religion, Evoke Flight


You were on level 5 of the Dungeon.
You worshipped Trog.
Trog was most pleased with you.
You were very full.

You visited 1 branch of the dungeon, and saw 5 of its levels.

You collected 230 gold pieces.

Inventory:

Hand Weapons
 a - a +0 hand axe
 y - a +0 war axe of chopping (weapon)
Armour
 b - a +0 plate armour (worn)
Jewellery
 g - a ring of stealth (left hand)
 o - an amulet of the gourmand (around neck)
 w - a ring of flight (right hand)
Wands
 h - a wand of polymorph (15)
Scrolls
 d - a scroll of noise {unknown}
 e - 3 scrolls of remove curse {unknown}
 j - 2 scrolls of identify {unknown}
 k - a scroll of amnesia {unknown}
 l - 2 scrolls of enchant weapon {unknown}
 s - a scroll of teleportation {unknown}
 t - a scroll of blinking {unknown}
 u - a scroll of immolation {unknown}
Potions
 f - a potion of invisibility {unknown}
 i - a potion of cancellation {unknown}
 m - 2 potions of mutation {unknown}
 n - 4 potions of curing {unknown}
 p - a potion of lignification {unknown}
 q - 3 potions of haste {unknown}
 v - 2 potions of brilliance {unknown}
 x - a potion of heal wounds {unknown}
 z - a potion of degeneration {unknown}
Comestibles
 c - 10 rations


   Skills:
 + Level 7.0 Fighting
 + Level 5.7 Axes
 + Level 6.4 Armour
 + Level 4.9 Dodging


You had 8 spell levels left.
You didn't know any spells.
Your spell library was empty.

Dungeon Overview and Level Annotations

Branches:
Dungeon (5/15)
 Temple: D:4-7

Altars:
Dithmenos
Fedhas
Gozag


Innate Abilities, Weirdness & Mutations

You are resistant to torment.
Your stone body is resilient. (AC +6)
You are immune to poison.
You resist negative energy. (rN+)
You are resistant to electric shocks. (rElec)
You can survive without breathing.
You are immune to petrification.
You are immune to rotting.


Message History

The slime creature hits you. The slime creature hits you!
The slime creature hits you but does no damage.
The slime creature hits you.
Your plate armour prevents you from hitting the slime creature.
The slime creature is severely wounded.
You slash the slime creature! You hit the slime creature.
The slime creature hits you. The slime creature hits you!
* * * LOW HITPOINT WARNING * * *
The slime creature hits you.
* * * LOW HITPOINT WARNING * * *
The slime creature hits you but does no damage.
You hit the slime creature but do no damage.
The slime creature is severely wounded.
Your plate armour prevents you from hitting the slime creature.
You hit the slime creature. The slime creature hits you.
* * * LOW HITPOINT WARNING * * *
The slime creature barely misses you.
The slime creature hits you but does no damage.
The slime creature hits you!
You die...

#............#......
###.........##......
##########.......##..
#).....##.#########...).##...
#.P.P..#.#.#....###...)(####.
#...÷..#J#J#.....##..[[[[#...
#P.÷..P#.#J#......'..##......
#.÷÷..J#J#.J......'.....(....
#PP..JJ#.#JJ@..(..'..#..#(...
#....JJ#J#.......##...####(..
#.PP.P.J##......###.....##...
#....÷.########## #..........
####### #.[.###..... ....#
##.).. #..#.. .........###
.........##.


You could see 3 slime creatures, a jelly and an ooze.

Vanquished Creatures
  Pikel (D:4)
  Grinder (D:3)
  A slave (D:4)
  2 sky beasts (D:5)
  An ogre (D:4)
  A centaur (D:5)
  2 big kobolds (D:5)
  A water moccasin skeleton (D:4)
  A bullfrog zombie (D:5)
  An orc priest (D:5)
  3 hounds (D:4)
  2 jellies (D:5)
  Ijyb (D:4)
  Natasha (thrice) (D:2)
  An orc wizard (D:4)
  A killer bee zombie (D:5)
  7 adders
  2 oozes
  6 worms
  2 dart slugs
  3 leopard geckos
  7 orcs
  A ball python (D:3)
  12 bats
  A giant cockroach (D:2)
  7 hobgoblins
  6 jackals (D:2)
  A quokka (D:2)
  5 frilled lizards
  6 goblins
  12 kobolds
  7 rats
108 creatures vanquished.

Vanquished Creatures (others)
  An adder (D:4)
  A ball python (D:4)
  A fungus (D:5)
  6 toadstools (D:5)
9 creatures vanquished.

Grand Total: 117 creatures vanquished

Notes
Turn   | Place    | Note
-------+----------+-------------------------------------------
     0 | D:1      | Fang the Gargoyle Berserker began the quest for the Orb.
     0 | D:1      | Reached XP level 1. HP: 14/14 MP: 1/1
   232 | D:1      | Reached XP level 2. HP: 18/19 MP: 2/2
   245 | D:1      | You fall through a shaft!
   465 | D:2      | Reached XP level 3. HP: 21/24 MP: 3/3
   921 | D:2      | Noticed Natasha
   929 | D:2      | Killed Natasha
   929 | D:2      | Reached XP level 4. HP: 12/29 MP: 4/4
  1242 | D:2      | Noticed Natasha
  1253 | D:2      | Killed Natasha
  1253 | D:2      | Reached skill level 4 in Fighting
  1492 | D:2      | Noticed Natasha
  1498 | D:2      | Killed Natasha
  1498 | D:2      | Reached ** piety under Trog
  1498 | D:2      | Reached XP level 5. HP: 16/33 MP: 5/5
  3035 | D:3      | Found a shadowy altar of Dithmenos.
  3235 | D:3      | Found a blossoming altar of Fedhas.
  3355 | D:3      | Noticed Grinder
  3368 | D:3      | Killed Grinder
  3368 | D:3      | Reached skill level 5 in Fighting
  3368 | D:3      | Reached XP level 6. HP: 33/40 MP: 6/6
  3559 | D:4      | Reached XP level 7. HP: 30/44 MP: 7/7
  3563 | D:4      | Reached *** piety under Trog
  4058 | D:4      | Found an opulent altar of Gozag.
  4081 | D:4      | Noticed Ijyb
  4089 | D:4      | Killed Ijyb
  4369 | D:4      | Noticed Pikel
  4383 | D:4      | Killed Pikel
  4383 | D:4      | Reached skill level 6 in Fighting
  4383 | D:4      | Reached skill level 5 in Axes
  4383 | D:4      | Reached skill level 5 in Armour
  4383 | D:4      | Reached XP level 8. HP: 51/51 MP: 8/8
  4850 | D:5      | Entered Level 5 of the Dungeon
  5330 | D:5      | Noticed a slime creature
  5330 | D:5      | Noticed a slime creature
  5330 | D:5      | Noticed a slime creature
  5332 | D:5      | Reached XP level 9. HP: 52/56 MP: 9/9
  5334 | D:5      | Reached skill level 7 in Fighting
  5358 | D:5      | Slain by a slime creature

Skill      XL: |  1  2  3  4  5  6  7  8  9 |
---------------+----------------------------+-----
Axes           | 3 4 5 |  5.7
Dodging        | 2 3 4 |  4.9
Armour         | 3 4 5 6 |  6.4
Fighting       | 4 5 6 7 |  7.0

Action                   |  1- 3 |  4- 6 |  7- 9 || total
-------------------------+-------+-------+-------++-------
Melee: Hand axe          |    66 |   188 |   149 ||   403
       Unarmed           |       |       |     4 ||     4
       War axe           |       |       |    21 ||    21
Invok: Berserk           |     2 |     5 |     4 ||    11
       Trog's Hand       |       |       |     1 ||     1
  Eat: Chunk             |     1 |    21 |    16 ||    38
Armor: Animal skin       |    34 |    89 |     3 ||   126
       Chain mail        |       |       |   117 ||   117
       Skin              |       |       |     3 ||     3
       Plate armour      |       |       |    14 ||    14
Dodge: Dodged            |    38 |   159 |   102 ||   299
